Map: Central Protocol

Players

juhyg - Winner!

  • Race: Zerg Zerg
  • League: Bronze

MutaliskPrOn

  • Race: Zerg Zerg

VOD

Have the link to the VOD?

Description

Time

  • Played on: Nov. 19, 2015, 7:51 p.m.
  • Length: 9:07
Show
View Real Time Build Order
Export as new Build Order

juhyg Zerg - Winner!

Build Orders: Pool First 

Get SALT Encoding   

  12  0:08  Overlord  
  12  0:12  Drone  
  13  0:18  Drone  
  14  0:26  Drone  
  15  0:30  Drone  
  16  0:46  Spawning Pool  
  16  0:48  Drone  
  16  0:54  Drone, Extractor  
  16  1:18  Drone x2  
  18  1:24  Overlord  
  18  1:33  Queen  
  18  1:36  Overlord  
  20  1:45  Drone  
  21  2:09  Queen  
  21  2:10  Roach Warren  
  22  2:19  Drone  
  22  2:22  Drone x2, Extractor  
  24  2:38  Drone  
  25  2:53  Lair  
  25  2:55  Metabolic Boost  
  25  3:01  Roach x2  
  25  3:03  Roach  
  31  3:21  Roach  
  31  3:22  Roach x2  
  37  3:29  Ravager  
  38  3:47  Overlord x3  
  38  4:00  Glial Reconstitution  
  38  4:07  Roach x4  
  46  4:12  Ravager  
  47  4:18  Roach  
  49  4:28  Roach  
  51  4:40  Roach x3  
  57  5:00  Hatchery  
  56  5:09  Roach x2  
  56  5:10  Roach  
  56  5:11  Overlord x2  
  62  5:29  Zergling x2  
  63  5:45  Roach  
  63  5:46  Roach x4  
  73  6:11  Spine Crawler  
  73  6:16  Spine Crawler  
  71  6:25  Roach x2  
  74  6:26  Roach x3  
  74  6:30  Ravager x2  
  74  6:31  Ravager  
  83  6:56  Overlord x2  
  83  6:57  Overlord  
  83  7:31  Roach x3  
  83  7:32  Roach x2  
  77  8:22  Roach x3  
  77  8:25  Roach x2  
  77  8:26  Roach  
Show
View Real Time Build Order
Export as new Build Order

MutaliskPrOn Zerg 

Build Orders: Hatch First 

Get SALT Encoding   

  12  0:03  Drone  
  13  0:08  Drone  
  14  0:17  Overlord  
  14  0:36  Drone  
  14  0:37  Drone x2  
  17  0:59  Drone  
  17  1:00  Drone  
  19  1:06  Hatchery  
  18  1:16  Spawning Pool  
  17  1:20  Drone  
  17  1:21  Extractor  
  17  1:29  Drone  
  18  1:39  Overlord  
  18  1:46  Drone  
  19  1:57  Drone  
  20  2:06  Drone, Queen  
  23  2:15  Evolution Chamber, Zergling x2  
  24  2:21  Queen  
  25  2:23  Drone  
  25  2:28  Drone, Extractor  
  26  2:37  Drone  
  26  2:38  Drone  
  28  2:45  Queen  
  30  2:56  Drone  
  30  2:57  Drone x3  
  34  3:03  Overlord  
  34  3:11  Zerg Missile Weapons Level 1  
  34  3:12  Drone x2  
  35  3:37  Queen x2  
  35  3:38  Spine Crawler  
  35  3:39  Drone x2  
  35  3:40  Spine Crawler  
  39  3:52  Drone  
  39  3:53  Drone x4  
  39  3:55  Overlord  
  44  4:13  Queen  
  44  4:14  Queen  
  48  4:23  Zergling x6  
  51  4:24  Drone  
  51  4:25  Overlord  
  51  4:26  Overlord x2  
  52  4:43  Overlord x3  
  52  5:07  Zerg Ground Armor Level 1  
  52  5:08  Queen x2  
  52  5:10  Drone x2  
  58  5:18  Drone x3  
  61  5:22  Hatchery  
  60  5:39  Hatchery  
  59  5:45  Queen x2  
  59  5:47  Drone x2  
  59  5:48  Drone x4  
  69  6:09  Spine Crawler  
  69  6:11  Spore Crawler  
  67  6:13  Spine Crawler x2  
  67  6:14  Spore Crawler  
  64  6:21  Queen x2  
  68  6:38  Overlord x2  
  68  6:41  Queen  
  70  6:49  Drone x6  
  76  6:56  Queen x2  
  80  7:15  Overlord  
  80  7:16  Overlord x2  
  80  7:17  Queen  
  80  7:21  Queen  
  84  7:32  Queen x2  
  88  7:41  Zergling x2  
  83  7:57  Queen  
  80  8:03  Zergling x8  
  80  8:04  Zergling x30  
  79  8:08  Queen x2  
  72  8:30  Zergling x2  
  72  8:31  Zergling x12  
  71  8:37  Drone x2  
Tags
 
Add a new tag
Caveats
  • Supply blocks, unpowered buildings, or Contaminate may cause inaccurate times.
  • Supply counts are checked every 10 seconds.